 Dungeon Crawl Stone Soup version 0.28-b1-25-g9875b3fc8c (webtiles) character file.

Game seed: 11714740524358559758

7197 lordive the Geomancer (level 11, -3/57 HPs)
             Began as a Gargoyle Earth Elementalist on Jan 31, 2022.
             Was an Initiate of Vehumet.
             Killed from afar by a manticore (18 damage)
             ... with a volley of spikes
             ... on level 10 of the Dungeon.
             The game lasted 00:22:57 (14880 turns).

lordive the Geomancer (GrEE)                       Turns: 14880, Time: 00:22:57

Health: -3/57      AC: 14    Str: 12    XL:     11   Next: 11%
Magic:  12/21      EV: 12    Int: 20    God:    Vehumet [......]
Gold:   378        SH:  0    Dex: 10    Spells: 20/24 levels left

rFire   . . .      SeeInvis +   D - +1 flail (protect)
rCold   + . .      Faith    .   (no shield)
rNeg    + . .      Spirit   .   z - +2 leather armour {rC+}
rPois   ∞          Reflect  .   f - +0 helmet
rElec   +          Harm     .   (no cloak)
rCorr   .          Rampage  .   (no gloves)
Will    +....                   (no boots)
Stlth   ++........              s - amulet of the acrobat
HPRegen 0.19/turn               g - ring of see invisible
MPRegen 0.17/turn               m - ring of willpower

@: spiked
A: sickness immunity, AC +8, negative energy resistance 1, electricity
resistance, torment resistance 1, petrification resistance
a: Renounce Religion


You were on level 10 of the Dungeon.
You worshipped Vehumet.
Vehumet was noncommittal.
You visited 2 branches of the dungeon, and saw 11 of its levels.

You collected 390 gold pieces.
You spent 12 gold pieces at shops.

Inventory:

Hand Weapons
 D - a +1 flail of protection (weapon)
Missiles
 c - 172 stones
Armour
 a - a +0 leather armour
 b - a +0 robe
 f - a +0 helmet (worn)
 z - a +2 leather armour of cold resistance (worn)
 I - +0 acid dragon scales
Magical Staves
 o - a staff of fire
Jewellery
 g - a ring of see invisible (left hand)
 m - a ring of willpower (right hand)
 s - an amulet of the acrobat (around neck)
 t - a +6 ring of strength
 F - a +6 ring of intelligence
 H - a ring of ice
Wands
 j - a wand of mindburst (17)
 r - a wand of iceblast (6)
 B - a wand of paralysis (8)
Scrolls
 d - 4 scrolls of teleportation
 i - 2 scrolls of enchant armour {unknown}
 l - a scroll of holy word {unknown}
 p - 4 scrolls of amnesia {unknown}
 q - a scroll of fog {unknown}
 w - a scroll of brand weapon {unknown}
 y - a scroll of silence {unknown}
 C - a scroll of vulnerability {unknown}
 E - a scroll of torment {unknown}
 G - a scroll of blinking {unknown}
 J - a scroll of noise {unknown}
Potions
 e - 7 potions of curing
 h - a potion of resistance
 k - 2 potions of lignification
 n - 2 potions of mutation
 u - a potion of brilliance
 v - a potion of flight {unknown}
 x - a potion of might
 K - a potion of magic


   Skills:
 + Level 2.0 Fighting
 + Level 2.3(2.5) Maces & Flails
 + Level 1.2(2.0) Staves
 * Level 2.8 Armour
 * Level 3.5 Dodging
 - Level 2.1 Stealth
 * Level 2.5 Shields
 + Level 7.1 Spellcasting
 * Level 7.1 Conjurations
 + Level 0.7 Transmutations
 * Level 5.0 Fire Magic
 * Level 12.5 Earth Magic
 * Level 2.0 Evocations


You had 20 spell levels left.
You knew the following spells:

 Your Spells              Type           Power      Damage    Failure   Level
a - Sandblast             Erth           100%       2d20      1%          1
b - Stone Arrow           Conj/Erth      92%        3d12      1%          3

Your spell library contained the following spells:

 Spells                   Type           Power      Damage    Failure   Level
 Passwall                 Tmut/Erth      27%        N/A       1%          2
 Scorch                   Fire           54%        2d7       2%          2
 Conjure Flame            Conj/Fire      31%        6-21      2%          3
 Petrify                  Tmut/Erth      33%        N/A       8%          4
 Flame Wave               Conj/Fire      31%        2d8       10%         4
 Sticky Flame             Conj/Fire      31%        2d5       10%         4
 Ignite Poison            Fire/Tmut/Pois 14%        N/A       16%         3
 Hailstorm                Conj/Ice       21%        3d6       26%         4
 Ozocubu's Armour         Ice            7%         N/A       34%         3
 Ice Form                 Ice/Tmut       8%         N/A       71%         4
 Metabolic Englaciation   Hex/Ice        3%         N/A       97%         5
 Simulacrum               Ice/Necr       3%         N/A       100%        6
 Summon Cactus Giant      Summ           3%         N/A       100%        6


Dungeon Overview and Level Annotations

Branches:
Dungeon (10/15)            Temple (1/1) D:4             Orc (0/2) D:9
   Lair: D:8-11

Altars:
Ashenzari
Cheibriados
Dithmenos
Elyvilon
Fedhas
Gozag
Hepliaklqana
Kikubaaqudgha
Makhleb
Nemelex Xobeh
Okawaru
Qazlal
Ru
Sif Muna
Trog
Uskayaw
Vehumet
Wu Jian
Xom
Yredelemnul
Zin
The Shining One

Shops:
D:9 !

Annotations:
D:3 3 runed translucent doors, cayde69's ghost, weakling DrBe


Innate Abilities, Weirdness & Mutations

You are immune to sickness and miasma.
Your stone body is resilient. (AC +8)
You are immune to poison.
You resist negative energy. (rN+)
You are resistant to electric shocks. (rElec)
You are resistant to unholy torment.
You are immune to petrification.


Message History

There is a stone staircase leading down here.
You climb downwards.
Found a scroll labelled ANNEBO NIETZ and a scroll labelled FOILEXU HEECRYL.
There is a stone staircase leading up here.
A manticore is nearby!
Casting: Stone Arrow (safe; 1% risk of failure)
Confirm with . or Enter, or press ? or * to list all spells.
Aiming: Stone Arrow (safe; 1% risk of failure)
Press: ? - help, Shift-Dir - straight line, f - manticore
Aim: a manticore (asleep, 100% to hit)
The stone arrow hits the manticore!
The manticore is moderately wounded.
The manticore flicks its tail.
The volley of spikes hits you!
The barbed spikes become lodged in your body.
The manticore flicks its tail.
The volley of spikes hits you!
The barbed spikes become lodged in your body.
Casting: Stone Arrow (safe; 1% risk of failure)
Confirm with . or Enter, or press ? or * to list all spells.
Aiming: Stone Arrow (safe; 1% risk of failure)
Press: ? - help, Shift-Dir - straight line, f/p - manticore
Aim: a manticore (moderately wounded, 85% to hit)
The stone arrow hits the manticore!
The manticore is severely wounded.
The manticore flicks its tail.
The volley of spikes hits you!
The barbed spikes become lodged in your body.
* * * LOW HITPOINT WARNING * * *
Casting: Stone Arrow (safe; 1% risk of failure)
Confirm with . or Enter, or press ? or * to list all spells.
Aiming: Stone Arrow (safe; 1% risk of failure)
Press: ? - help, Shift-Dir - straight line, f/p - manticore
Aim: a manticore (severely wounded, 85% to hit)
The stone arrow hits the manticore!
The manticore is almost dead.
The manticore flicks its tail.
The volley of spikes hits you!!
The barbed spikes become lodged in your body.
You die...

..? ... .
.... .. .....
...###+###...
....H......
.........#
.......@.#
.........#
##?........
#.........#
#.........#
##........#
#.........
#..........


You could see a manticore.

Vanquished Creatures
  A centaur warrior (D:9)
  2 two-headed ogres
  Pikel (D:9)
  A deep elf pyromancer (D:8)
  A cyclops (D:7)
  A steam dragon (D:8)
  3 vampire mosquitoes
  An acid dragon (D:8)
  A water moccasin (D:7)
  2 sky beasts
  3 orc warriors
  An ice beast (D:7)
  A black bear (D:7)
  A centaur (D:7)
  2 ogres (D:5)
  2 necrophages
  2 phantoms (D:4)
  2 kobold brigands
  2 bullfrogs
  A gnoll sergeant (D:8)
  2 scorpions (D:6)
  A wyvern zombie (D:8)
  A water moccasin zombie (D:6)
  A water moccasin skeleton (D:5)
  6 killer bees (D:7)
  A wight (D:8)
  A howler monkey (D:8)
  2 centaur zombies
  3 hounds
  7 orc priests
  6 iguanas
  2 jellies
  2 centaur skeletons (D:7)
  2 gnoll shamans
  8 orc wizards
  A hound skeleton (D:2)
  13 gnolls
  11 adders
  A shadow imp (D:8)
  4 white imps
  An adder skeleton (D:4)
  3 worms
  4 dart slugs
  42 orcs
  5 bats
  5 endoplasms
  3 giant cockroaches (D:3)
  5 goblins
  7 hobgoblins
  9 kobolds
  4 quokkas (D:2)
  8 ball pythons
  5 frilled lizards
  4 rats
  A bush (D:8)
212 creatures vanquished.

Vanquished Creatures (others)
  An orc (D:8)
  2 demonic plants (D:1)
3 creatures vanquished.

Grand Total: 215 creatures vanquished

Notes
Turn   | Place    | Note
-------+----------+-------------------------------------------
     0 | D:1      | lordive the Gargoyle Earth Elementalist began the quest for
                  | the Orb.
     0 | D:1      | Reached XP level 1. HP: 10/10 MP: 3/3
   177 | D:1      | Reached skill level 4 in Earth Magic
   244 | D:1      | Reached XP level 2. HP: 15/15 MP: 3/5
   248 | D:1      | Reached skill level 1 in Conjurations
   657 | D:1      | Found a faded altar of an unknown god.
  1044 | D:1      | Reached XP level 3. HP: 13/19 MP: 6/6
  1267 | D:2      | Learned a level 3 spell: Stone Arrow
  1714 | D:2      | Reached XP level 4. HP: 24/24 MP: 7/7
  1817 | D:2      | Reached skill level 5 in Earth Magic
  1977 | D:2      | Reached skill level 1 in Maces & Flails
  2557 | D:3      | Reached XP level 5. HP: 17/28 MP: 5/9
  2946 | D:3      | Found a runed translucent gate.
  3055 | D:3      | Found a runed translucent gate.
  3117 | D:3      | Noticed cayde69's ghost (weakling DrBe)
  3127 | D:3      | Found a runed translucent gate.
  3647 | D:4      | Noticed a phantom
  3652 | D:4      | Killed a phantom
  3653 | D:4      | Reached skill level 1 in Fighting
  3653 | D:4      | Reached XP level 6. HP: 31/34 MP: 5/10
  3709 | D:4      | Found a staircase to the Ecumenical Temple.
  3721 | Temple   | Entered the Ecumenical Temple
  4376 | D:4      | Reached skill level 6 in Earth Magic
  5152 | D:4      | Reached XP level 7. HP: 38/38 MP: 0/11
  5438 | D:4      | Reached skill level 7 in Earth Magic
  5615 | D:5      | Entered Level 5 of the Dungeon
  6614 | D:5      | Reached skill level 8 in Earth Magic
  6614 | D:5      | Reached XP level 8. HP: 43/43 MP: 8/14
  7613 | D:6      | Reached skill level 1 in Fire Magic
  7822 | D:6      | Noticed a two-headed ogre
  7826 | D:6      | Killed a two-headed ogre
  7827 | D:6      | Reached skill level 5 in Spellcasting
  7827 | D:6      | Reached skill level 9 in Earth Magic
  7827 | D:6      | Reached XP level 9. HP: 3/47 MP: 3/17
  8431 | D:6      | Reached skill level 5 in Conjurations
  8661 | D:6      | Reached skill level 10 in Earth Magic
 10015 | D:7      | Noticed a cyclops
 10030 | D:7      | Killed a cyclops
 10031 | D:7      | Reached skill level 1 in Staves
 10141 | D:7      | Reached skill level 11 in Earth Magic
 10494 | D:7      | Reached XP level 10. HP: 53/53 MP: 15/19
 11119 | D:8      | Noticed a deep elf pyromancer
 11577 | D:8      | Killed a deep elf pyromancer
 11578 | D:8      | Reached skill level 1 in Armour
 11736 | D:8      | Reached skill level 1 in Shields
 11884 | D:8      | Reached skill level 12 in Earth Magic
 12799 | D:8      | Found a broken altar of Ashenzari.
 12800 | D:8      | Found a radiant altar of Vehumet.
 12824 | D:8      | Found a basalt altar of Yredelemnul.
 12941 | D:8      | Became a worshipper of Vehumet
 13184 | D:9      | Found Lozi's Distillery.
 13189 | D:8      | Reached skill level 1 in Evocations
 13458 | D:9      | Noticed a two-headed ogre
 13465 | D:9      | Killed a two-headed ogre
 13813 | D:9      | Bought a potion of degeneration for 12 gold pieces
 13865 | D:9      | Noticed Pikel
 13884 | D:9      | Killed Pikel
 13885 | D:9      | Reached XP level 11. HP: 56/57 MP: 5/21
 13999 | D:9      | Found a stormy altar of Qazlal.
 14023 | D:9      | Noticed a centaur warrior
 14030 | D:9      | Killed a centaur warrior
 14031 | D:9      | Reached skill level 5 in Fire Magic
 14053 | D:9      | Found a staircase to the Orcish Mines.
 14876 | D:10     | Entered Level 10 of the Dungeon
 14876 | D:10     | Noticed a manticore
 14880 | D:10     | Killed from afar by a manticore

Illustrated notes

Levels and vault maps discovered:
D:1:      dpeg_arrival_castle, layout_rooms, shapermc_ecumenical_altar_gd,
          chequers_serial_rivers_large_a, minmay_distorted
D:2:      layout_basic, minmay_misc_feat_doors, grunt_decor_mini_mirrors
D:3:      layout_rooms, gammafunk_ghost_split,
          nicolae_concentric_dashed_squares_wild, grunt_decor_arrowhead
D:4:      minmay_skewed_foursquare, layout_basic,
          minmay_temple_entry_antechambers
D:5:      layout_basic
D:6:      layout_basic
D:7:      layout_loops_ring
D:8:      layout_basic, gammafunk_temple_overflow_forgotten, serial_glass,
          glass_columns_a, glass_columns_a, minmay_increasing_density
D:9:      layout_roguey, nicolae_qazlal_general_emergency, serial_shops,
          nicolae_shop_waterfront, uniq_pikel
D:10:     layout_irregular_city, dpeg_oklobed_lair
Temple:   dpeg_five_rooms_temple

Skill      XL: |  1  2  3  4  5  6  7  8  9 10 11 |
---------------+----------------------------------+-----
Earth Magic    | 4 5 6 8 9 11 12 | 12.5
Conjurations   | 1 2 3 4 5 6 7 |  7.1
Maces & Flails | 1 2 |  2.3
Fighting       | 1 2 |  2.0
Dodging        | 2 3 |  3.5
Spellcasting   | 3 4 5 6 7 |  7.1
Fire Magic     | 2 4 5 |  5.0
Staves         | 1 |  1.2
Armour         | 2 |  2.8
Shields        | 2 |  2.5
Evocations     | 1 2 |  2.0
Stealth        | |  2.1
Transmutations | |  0.7

Action                   |  1- 3 |  4- 6 |  7- 9 | 10-12 || total
-------------------------+-------+-------+-------+-------++-------
Melee: Club              |    65 |    41 |       |       ||   106
       Punch             |     1 |     2 |       |     4 ||     7
       Flail             |       |    89 |       |   110 ||   199
       Staff             |       |       |    55 |    15 ||    70
 Cast: Sandblast         |    31 |    51 |    50 |    32 ||   164
       Stone Arrow       |       |     9 |    73 |    98 ||   180
  Use: Scroll            |       |       |     5 |     5 ||    10
       Potion            |       |       |       |     1 ||     1
 Stab: Sleeping          |     2 |     2 |     1 |       ||     5
Armor: Robe              |    37 |    63 |    34 |    13 ||   147
       Leather armour    |       |       |       |    22 ||    22
Dodge: Dodged            |    61 |   119 |    55 |    43 ||   278
